AoeStats
← ᅚᅚᅚᅚ

Hill Fort

504384406Analyzed
4v4 RM · 26d ago on Sep 5, 2026· 57m 34s· 8 players
Game mode
Random Map
Map size
Large (8 player)
Population
200
Speed
Normal
Resources
Standard
Victory
Conquest
Starting age
Dark Age
Ending age
Imperial Age
RankedLock teamsTeams togetherTeam positionsShared explorationLock speedFull tech treeHidden civsTurbo modeCheats
Victory
Defeat
🇨🇱 Franks · Chile
1292
+13
🇪🇨 Japanese · Ecuador
1228
+15
🇨🇳 Vietnamese · China
1210
+16
🇨🇱 Mongols · Chile
1121
+19
🇨🇱 Hindustanis · Chile
1247
-17
🇨🇱 Vikings · Chile
1219
-16
🇧🇷 Gurjaras · Brazil
1190
-15
🇧🇷 Magyars · Brazil
1188
-15
ouujkj
10:56 Feudal Age
12:51 Loom
15:59 Castle Age
15:11 Double-Bit Axe
15:27 Horse Collar
16:32 Gold Mining
16:55 Bow Saw
18:17 Gold Mining
19:04 Fletching
20:20 Crossbowman
22:22 Bodkin Arrow
23:51 Wheelbarrow
25:55 Stone Mining
28:28 Padded Archer Armor
29:39 Thumb Ring
30:39 Ballistics
33:13 Imperial Age
34:00 Hand Cart
33:31 Town Watch
33:08 Pikeman
33:48 Squires
33:50 Scale Mail Armor
35:00 Bracer
34:59 Arbalester
35:56 Leather Archer Armor
38:26 Chemistry
37:08 Elite Skirmisher
39:06 Two-Man Saw
39:55 Paper Money
39:42 Heavy Plow
41:44 Chain Mail Armor
41:59 Ring Archer Armor
41:40 Forging
41:14 Halberdier
41:46 Imperial Skirmisher
45:38 Light Cavalry
54:36 Coinage
54:06 Caravan
Poeta Abatido
11:42 Feudal Age
16:31 Castle Age
16:24 Wheelbarrow
16:13 Double-Bit Axe
17:52 Gold Mining
19:50 Fletching
24:23 Loom
25:58 Horse Collar
26:53 Bow Saw
27:50 Bodkin Arrow
33:20 Imperial Age
30:59 Crossbowman
32:05 Padded Archer Armor
35:10 Thumb Ring
37:46 Gold Shaft Mining
38:16 Bracer
38:31 Leather Archer Armor
39:05 Arbalester
40:57 Ring Archer Armor
42:56 Ballistics
43:36 Chemistry
43:34 Conscription
49:52 Ring Archer Armor
53:05 Two-Man Saw
56:23 Hand Cart
55:54 Town Watch
Youtube Nimro7
11:05 Feudal Age
13:16 Loom
15:41 Castle Age
13:51 Double-Bit Axe
16:20 Wheelbarrow
17:09 Bow Saw
20:36 Hand Cart
23:45 Husbandry
26:41 Fletching
31:38 Imperial Age
29:42 Scale Barding Armor
30:48 Chain Barding Armor
30:32 Gold Mining
31:26 Forging
31:40 Town Watch
31:52 Cavalier
33:09 Iron Casting
33:35 Plate Barding Armor
35:35 Blast Furnace
36:10 Paladin
37:45 Bodkin Arrow
38:33 Conscription
39:45 Light Cavalry
46:13 Chivalry
46:50 Caravan
48:15 Coinage
48:34 Town Patrol
50:26 Scale Mail Armor
56:17 Ballistics
58:16 Chemistry
ToXiC | Yopss
5:15 Loom
11:28 Feudal Age
13:36 Wheelbarrow
17:55 Castle Age
16:33 Gold Mining
16:36 Double-Bit Axe
16:53 Horse Collar
18:06 Scale Barding Armor
18:13 Forging
20:15 Bow Saw
22:38 Heavy Plow
23:07 Bloodlines
26:30 Hand Cart
28:58 Caravan
29:46 Husbandry
30:43 Iron Casting
31:01 Town Watch
32:28 Gold Shaft Mining
31:50 Stone Mining
34:35 Imperial Age
33:03 Coinage
34:02 Town Patrol
34:44 Cavalier
37:10 Light Cavalry
38:13 Chain Barding Armor
38:55 Blast Furnace
38:21 Hussar
39:15 Fletching
40:17 Stone Shaft Mining
41:16 Banking
43:17 Elite Steppe Lancer
44:47 Conscription
44:32 Nomads
44:53 Drill
45:10 Hoardings
45:52 Bodkin Arrow
47:31 Murder Holes
47:57 Ballistics
48:37 Chemistry
48:08 Fortified Wall
48:44 Masonry
53:34 Bracer
53:36 Padded Archer Armor
Pelantaro
3:24 Loom
10:41 Feudal Age
17:25 Castle Age
15:50 Double-Bit Axe
17:14 Fletching
18:36 Bow Saw
19:21 Bodkin Arrow
24:55 Ballistics
26:59 Gold Mining
29:08 Stone Mining
29:49 Clinker Construction
35:58 Imperial Age
37:56 Bracer
50:30 Town Watch
50:32 Horse Collar
51:14 Caravan
ᅚᅚᅚᅚ
12:19 Feudal Age
13:18 Double-Bit Axe
13:21 Horse Collar
16:35 Castle Age
15:55 Loom
16:49 Wheelbarrow
18:00 Bow Saw
17:51 Heavy Plow
22:20 Hand Cart
30:51 Imperial Age
29:24 Scale Barding Armor
29:30 Forging
30:36 Gold Mining
30:51 Grand Trunk Road
31:18 Chain Barding Armor
31:35 Iron Casting
31:21 Town Watch
32:26 Conscription
32:07 Shatagni
32:46 Hoardings
33:41 Chemistry
33:29 Plate Barding Armor
33:45 Husbandry
33:55 Bloodlines
33:06 Light Cavalry
35:07 Hussar
36:34 Padded Archer Armor
37:35 Blast Furnace
41:43 Fletching
44:29 Scale Mail Armor
45:04 Caravan
45:25 Heavy Camel Rider
47:04 Imperial Camel Rider
50:59 Elite Ghulam
52:25 Murder Holes
52:51 Ballistics
54:10 Chain Mail Armor
53:59 Squires
53:46 Arson
54:52 Bodkin Arrow
56:02 Bracer
57:22 Masonry
NobregaPF
10:45 Feudal Age
12:51 Loom
15:51 Castle Age
13:41 Double-Bit Axe
17:32 Bow Saw
20:57 Wheelbarrow
20:43 Gold Mining
24:39 Gold Shaft Mining
24:36 Horse Collar
25:28 Stone Mining
25:44 Heavy Plow
29:59 Imperial Age
28:38 Hand Cart
29:13 Scale Barding Armor
29:19 Forging
30:10 Bloodlines
30:03 Husbandry
31:06 Stone Shaft Mining
31:31 Kshatriyas
31:44 Elite Shrivamsha Rider
33:26 Chain Barding Armor
33:42 Iron Casting
35:05 Conscription
36:09 Plate Barding Armor
35:57 Heavy Camel Rider
37:53 Frontier Guards
43:31 Crop Rotation
47:15 Caravan
47:46 Coinage
48:45 Fletching
48:56 Padded Archer Armor
50:11 Light Cavalry
50:50 Hussar
53:01 Banking
lukasnavar
10:37 Feudal Age
11:07 Double-Bit Axe
20:00 Castle Age
19:09 Stone Mining
19:05 Horse Collar
22:53 Bow Saw
23:13 Light Cavalry
24:36 Heavy Plow
27:49 Town Watch
30:52 Wheelbarrow
30:26 Loom
32:21 Gold Mining
32:50 Hand Cart
32:32 Treadmill Crane
33:57 Town Patrol
34:20 Corvinian Army
38:44 Imperial Age
37:16 Fletching
37:28 Scale Mail Armor
38:56 Ballistics
38:47 Masonry
38:33 Murder Holes
38:03 Pikeman
38:31 Arson
39:03 Chain Mail Armor
38:55 Scale Barding Armor
40:32 Two-Man Saw
38:55 Halberdier
39:47 Bloodlines
39:37 Husbandry
40:18 Conscription
40:54 Elite Magyar Huszar
42:10 Chain Barding Armor
41:52 Padded Archer Armor
44:01 Crop Rotation
44:35 Gold Shaft Mining
45:09 Hussar
51:19 Plate Barding Armor
50:40 Bodkin Arrow
51:01 Leather Archer Armor
50:28 Heavy Cavalry Archer
53:23 Parthian Tactics
55:37 Chemistry
54:43 Siege Engineers
Connection lost

Rejoining the realm…

Still unreachable

The connection could not be restored.

Session expired

The server has moved on; the page needs a fresh start.